 Dungeon Crawl Stone Soup version 0.22-a0-268-g1cc83ef (webtiles) character file.

5011 tidbits the Martial Artist (level 10, -6/76 HPs)
             Began as a Gnoll Transmuter on Mar 9, 2018.
             Was an Elder of Cheibriados.
             Mangled by a two-headed ogre
             ... wielding a +0 giant spiked club
              (19 damage)
             ... on level 12 of the Dungeon.
             The game lasted 00:20:33 (1999 turns).

tidbits the Martial Artist (Gnoll Transmuter)       Turns: 1999, Time: 00:20:34

Health: -6/76      AC:  4    Str: 22    XL:     10   Next: 54%
Magic:  22/30      EV: 19    Int: 27    God:    Cheibriados [****..]
Gold:   247        SH:  7    Dex: 25    Spells: 8/23 levels left

rFire    . . .     SeeInvis +   a - +2 dagger (elec)
rCold    . . .     Gourm    .   D - +0 buckler
rNeg     . . .     Faith    +   B - +0 robe
rPois    .         Spirit   .   (no helmet)
rElec    .         Reflect  .   C - +0 cloak
rCorr    .         Harm     .   (no gloves)
MR       .....                  F - +0 pair of boots
Stlth    ++++......             k - amulet of faith
HPRegen  0.22/turn              j - ring of magical power
MPRegen  0.22/turn              I - ring of see invisible

@: very slow
A: distributed training, fangs 1, strong nose
a: Bend Time, Temporal Distortion, Slouch, Renounce Religion


You were on level 12 of the Dungeon.
You worshipped Cheibriados.
Cheibriados was greatly pleased with you.
You were not hungry.

You visited 1 branch of the dungeon, and saw 12 of its levels.

You collected 247 gold pieces.

Inventory:

Hand Weapons
 a - a +2 dagger of electrocution (weapon)
   (You took it off an orc on level 5 of the Dungeon)
 h - a +5 dagger of flaming
   (You took it off a goblin on level 2 of the Dungeon)
 w - a +2 shortbow of freezing
   (You took it off a centaur on level 9 of the Dungeon)
 G - a +0 rapier of draining
   (You found it on level 6 of the Dungeon)
 H - a +2 flail of protection
   (You took it off an orc on level 11 of the Dungeon)
Missiles
 l - 176 arrows
 n - a throwing net {!f}
 y - 5 tomahawks (quivered)
Armour
 m - a +0 ring mail
 B - a +0 robe (worn)
 C - a +0 cloak (worn)
 D - a +0 buckler (worn)
 F - a +0 pair of boots (worn)
Jewellery
 b - an uncursed amulet of the acrobat
   (You found it on level 9 of the Dungeon)
 j - a ring of magical power (left hand)
   (You found it on level 3 of the Dungeon)
 k - an amulet of faith (around neck)
   (You found it on level 3 of the Dungeon)
 A - an uncursed ring of teleportation
   (You found it on level 10 of the Dungeon)
 I - a ring of see invisible (right hand)
   (You found it on level 7 of the Dungeon)
Wands
 e - a wand of disintegration (7)
 i - a wand of polymorph (15)
Scrolls
 d - 2 scrolls of amnesia
 f - 2 scrolls of teleportation
 q - a scroll of fear
 r - 4 scrolls of remove curse
 u - a scroll of immolation {unknown}
 v - a scroll of magic mapping
 z - a scroll of blinking
Potions
 g - a potion of ambrosia
 o - a potion of flight
 p - a potion of haste
 s - 2 potions of heal wounds
 t - 3 potions of curing
 x - a potion of degeneration {unknown}
 E - a potion of lignification {unknown}
Comestibles
 c - 11 rations


   Skills:
 + Level 5.9 Fighting
 + Level 5.3 Short Blades
 + Level 5.3 Long Blades
 + Level 5.3 Axes
 + Level 5.3 Maces & Flails
 + Level 5.3 Polearms
 + Level 5.3 Staves
 + Level 5.3 Slings
 + Level 5.3 Bows
 + Level 5.3 Crossbows
 + Level 5.3 Throwing
 + Level 5.3 Armour
 + Level 7.1 Dodging
 + Level 5.3 Stealth
 + Level 5.3 Shields
 + Level 8.5 Unarmed Combat
 + Level 7.3 Spellcasting
 + Level 4.3 Conjurations
 + Level 4.3 Hexes
 + Level 4.3 Charms
 + Level 4.3 Summonings
 + Level 4.3 Necromancy
 + Level 4.3 Translocations
 + Level 5.9 Transmutations
 + Level 4.3 Fire Magic
 + Level 4.3 Ice Magic
 + Level 4.3 Air Magic
 + Level 4.3 Earth Magic
 + Level 4.3 Poison Magic
 + Level 5.8 Invocations
 + Level 5.3 Evocations


You had 8 spell levels left.
You knew the following spells:

 Your Spells              Type           Power        Failure   Level  Hunger
e - Beastly Appendage     Tmut           #####.       1%          1    None
h - Blade Hands           Tmut           #####.....   14%         5    #####..
k - Sticks to Snakes      Tmut           #####...     1%          2    None
p - Spider Form           Tmut/Pois      #####.....   1%          3    None
t - Sticky Flame          Conj/Fire      ####....     9%          4    ##.....


Dungeon Overview and Level Annotations

Branches:
Dungeon (12/15)              Lair (0/6) D:10            Orc (0/2) D:11
 Temple: D:4-7

Altars:
Cheibriados
Dithmenos
Elyvilon
Hepliaklqana
Nemelex Xobeh


Innate Abilities, Weirdness & Mutations

Your experience applies equally to all skills.
You have very sharp teeth.
Your uncanny sense of smell can sniff out nearby items.


Message History

The sticky flame hits the hound zombie.
The hound zombie is heavily damaged.
The hound zombie is covered in liquid flames!
The hound zombie burns!
You block the hound zombie's attack.
You hit the hound zombie. Your bite misses the hound zombie.
The hound zombie is severely damaged.
You block the hound zombie's attack.
You are feeling hungry.
You hit the hound zombie.
Lightning courses through the hound zombie!
You destroy the hound zombie!
Cheibriados thoroughly appreciates the change of pace.
You see here a tomahawk.
Unknown command.
y - 5 tomahawks (gained 1)
The orc shouts!
You hit the orc. Lightning courses through the orc!
You kill the orc!
Cheibriados thoroughly appreciates the change of pace.
Things that are here:
a short sword; an orc corpse You butcher the orc corpse.
Things that are here:
a short sword; 2 chunks of flesh Eat one of 2 chunks of flesh? (ye/n/q)
You eat one of the 2 chunks of flesh.
This raw flesh tastes terrible.
There is a stone staircase leading down here.
You climb downwards.
There is a stone staircase leading up here.
Unknown command.
You open the door.
An iguana comes into view.
The iguana hisses angrily.
There is an open door here.
You block the iguana's attack.
Casting: Sticky Flame (safe; 10% risk of failure)
Confirm with . or Enter, or press ? or * to list all spells.
Aiming: Sticky Flame (safe; 10% risk of failure)
Press: ? - help, Shift-Dir - straight line, f - iguana
Aim: an iguana The sticky flame hits the iguana.
The iguana appears unharmed.
The iguana is covered in liquid flames!
The iguana burns!
You block the iguana's attack.
You hit the iguana but do no damage. Lightning courses through the iguana!
The iguana is almost dead.
You hit the iguana. You bite the iguana, but do no damage.
The iguana is almost dead.
The iguana burns!
You kill the iguana!
Cheibriados appreciates the change of pace.
You see here an iguana corpse.
A cyclops comes into view.
Found an inky potion.
A brown ugly thing comes into view.
A hound and a two-headed ogre come into view.
The two-headed ogre shouts in stereo!
A skeletal warrior comes into view. It is wielding a short sword.
Unknown command.
The brown ugly thing barely misses you.
Casting: Sticky Flame (safe; 10% risk of failure)
Confirm with . or Enter, or press ? or * to list all spells.
Aiming: Sticky Flame (safe; 10% risk of failure)
Press: ? - help, Shift-Dir - straight line, f - brown ugly thing
Aim: a brown ugly thing The sticky flame hits the brown ugly thing.
The brown ugly thing is lightly wounded.
The brown ugly thing is covered in liquid flames!
The brown ugly thing burns!
You block the brown ugly thing's attack.
Evoke which item? (* to show all) (? for menu, Esc to quit)
Aiming: Disintegrate
Press: ? - help, Shift-Dir - straight line, f/p - brown ugly thing
Aim: a brown ugly thing (lightly wounded, covered in liquid flames, chance to defeat MR: 69%)
The brown ugly thing is blasted.
You hear a shout!
The brown ugly thing burns!
The brown ugly thing pecks you.
You are splashed with acid!
The acid burns!
* * * LOW HITPOINT WARNING * * *
Evoke which item? (* to show all) (? for menu, Esc to quit)
Aiming: Disintegrate
Press: ? - help, Shift-Dir - straight line, f/p - brown ugly thing
Aim: a brown ugly thing (heavily wounded, covered in liquid flames, chance to defeat MR: 69%)
The brown ugly thing is blasted.
The brown ugly thing burns!
The brown ugly thing barely misses you.
The brown ugly thing burns!
You kill the brown ugly thing!
Cheibriados appreciates the change of pace.
Casting: Sticky Flame (safe; 9% risk of failure)
Confirm with . or Enter, or press ? or * to list all spells.
Aiming: Sticky Flame (safe; 9% risk of failure)
Press: ? - help, Shift-Dir - straight line, f - two-headed ogre
Aim: a two-headed ogre, wielding a giant spiked club and a giant club The sticky flame hits the two-headed ogre.
The two-headed ogre is lightly wounded.
The two-headed ogre is covered in liquid flames!
The two-headed ogre burns!
The two-headed ogre hits you with a giant spiked club!!
* * * LOW HITPOINT WARNING * * *
The two-headed ogre hits you with a giant club!!
You die...

#.......#
#.!.....#
#.......#
#.......#
#z## #..#
##.# #O#
#@# #.#
#.# #.#
#.# #.#
#.# #†#
#.#


You could see a skeletal warrior and a two-headed ogre (burning).

Vanquished Creatures
  A two-headed ogre (D:11)
  An ugly thing (D:12)
  A centaur zombie (D:11)
  3 hippogriffs
  A hungry ghost (D:11)
  A hell hound (D:10)
  A black bear (D:7)
  3 ice beasts
  3 sky beasts
  A necrophage (D:8)
  An ogre (D:11)
  7 centaurs
  6 bullfrogs
  3 scorpions
  A crimson imp (D:7)
  3 jellies
  An orc priest (D:10)
  2 hounds (D:8)
  Ijyb (D:4)
  Natasha (D:4)
  3 iguanas
  4 orc wizards
  3 worker ants
  A hound zombie (D:11)
  5 adders
  2 shadow imps
  A worm (D:3)
  A leopard gecko (D:3)
  14 orcs
  6 bats (D:1)
  A giant cockroach (D:1)
  5 goblins
  A hobgoblin (D:1)
  8 jackals
  A kobold (D:1)
  2 quokkas
  A rat (D:2)
101 creatures vanquished.

Vanquished Creatures (collateral kills)
  A hippogriff (D:10)
  An ogre (D:9)
  A black bear (D:6)
  A howler monkey (D:8)
  A crimson imp (D:7)
  A hound (D:10)
  A worker ant (D:7)
  An adder zombie (D:8)
8 creatures vanquished.

Grand Total: 109 creatures vanquished

Notes
Turn   | Place    | Note
-------+----------+-------------------------------------------
     0 | D:1      | tidbits the Gnoll Transmuter began the quest for the Orb.
     0 | D:1      | Reached XP level 1. HP: 17/17 MP: 6/6
    71 | D:1      | Reached XP level 2. HP: 16/23 MP: 5/7
    76 | D:1      | Learned a level 2 spell: Sticks to Snakes
   167 | D:2      | Reached XP level 3. HP: 24/28 MP: 5/9
   172 | D:2      | Learned a level 3 spell: Spider Form
   184 | D:2      | Reached skill level 5 in Spellcasting
   287 | D:3      | Reached skill level 1 in Invocations
   300 | D:4      | Found a shadowy altar of Dithmenos.
   315 | D:4      | Noticed Ijyb
   320 | D:4      | Noticed Natasha
   326 | D:4      | Killed Ijyb
   326 | D:4      | Reached skill level 1 in Short Blades
   326 | D:4      | Reached skill level 1 in Long Blades
   326 | D:4      | Reached skill level 1 in Axes
   326 | D:4      | Reached skill level 1 in Maces & Flails
   326 | D:4      | Reached skill level 1 in Polearms
   326 | D:4      | Reached skill level 1 in Staves
   326 | D:4      | Reached skill level 1 in Slings
   326 | D:4      | Reached skill level 1 in Bows
   326 | D:4      | Reached skill level 1 in Crossbows
   326 | D:4      | Reached skill level 1 in Throwing
   326 | D:4      | Reached skill level 1 in Armour
   326 | D:4      | Reached skill level 1 in Stealth
   326 | D:4      | Reached skill level 1 in Shields
   326 | D:4      | Reached skill level 1 in Evocations
   326 | D:4      | Reached XP level 4. HP: 7/34 MP: 4/11
   333 | D:4      | Killed Natasha
   396 | D:4      | Found a snail-covered altar of Cheibriados.
   427 | D:5      | Entered Level 5 of the Dungeon
   447 | D:5      | Reached skill level 1 in Conjurations
   447 | D:5      | Reached skill level 1 in Hexes
   447 | D:5      | Reached skill level 1 in Charms
   447 | D:5      | Reached skill level 1 in Summonings
   447 | D:5      | Reached skill level 1 in Necromancy
   447 | D:5      | Reached skill level 1 in Translocations
   447 | D:5      | Reached skill level 1 in Fire Magic
   447 | D:5      | Reached skill level 1 in Ice Magic
   447 | D:5      | Reached skill level 1 in Air Magic
   447 | D:5      | Reached skill level 1 in Earth Magic
   447 | D:5      | Reached skill level 1 in Poison Magic
   517 | D:5      | Reached XP level 5. HP: 40/40 MP: 12/12
   539 | D:4      | Found a hazy altar of Hepliaklqana.
   543 | D:4      | Became a worshipper of Cheibriados the Contemplative
   582 | D:6      | Noticed a black bear
   592 | D:6      | Killed a black bear
   592 | D:6      | Reached skill level 3 in Fighting
   592 | D:6      | Reached skill level 4 in Transmutations
   592 | D:6      | Reached XP level 6. HP: 43/47 MP: 13/13
   603 | D:6      | Reached skill level 2 in Invocations
   728 | D:7      | Noticed an ice beast
   739 | D:7      | Killed an ice beast
   739 | D:7      | Reached skill level 2 in Short Blades
   739 | D:7      | Reached skill level 2 in Long Blades
   739 | D:7      | Reached skill level 2 in Axes
   739 | D:7      | Reached skill level 2 in Maces & Flails
   739 | D:7      | Reached skill level 2 in Polearms
   739 | D:7      | Reached skill level 2 in Staves
   739 | D:7      | Reached skill level 2 in Slings
   739 | D:7      | Reached skill level 2 in Bows
   739 | D:7      | Reached skill level 2 in Crossbows
   739 | D:7      | Reached skill level 2 in Throwing
   739 | D:7      | Reached skill level 2 in Armour
   739 | D:7      | Reached skill level 5 in Dodging
   739 | D:7      | Reached skill level 2 in Stealth
   739 | D:7      | Reached skill level 2 in Shields
   739 | D:7      | Reached skill level 2 in Evocations
   750 | D:7      | Noticed a black bear
   762 | D:7      | Killed a black bear
   762 | D:7      | Reached XP level 7. HP: 26/52 MP: 15/15
   814 | D:7      | Reached * piety under Cheibriados
   816 | D:7      | Reached skill level 7 in Unarmed Combat
   913 | D:6      | Reached skill level 2 in Conjurations
   913 | D:6      | Reached skill level 2 in Hexes
   913 | D:6      | Reached skill level 2 in Charms
   913 | D:6      | Reached skill level 2 in Summonings
   913 | D:6      | Reached skill level 2 in Necromancy
   913 | D:6      | Reached skill level 2 in Translocations
   913 | D:6      | Reached skill level 2 in Fire Magic
   913 | D:6      | Reached skill level 2 in Ice Magic
   913 | D:6      | Reached skill level 2 in Air Magic
   913 | D:6      | Reached skill level 2 in Earth Magic
   913 | D:6      | Reached skill level 2 in Poison Magic
   914 | D:6      | Found a sparkling altar of Nemelex Xobeh.
  1042 | D:8      | Reached skill level 3 in Invocations
  1064 | D:8      | Found a white marble altar of Elyvilon.
  1079 | D:8      | Reached XP level 8. HP: 49/59 MP: 16/16
  1147 | D:8      | Reached ** piety under Cheibriados
  1147 | D:8      | Reached skill level 4 in Fighting
  1151 | D:8      | Reached skill level 3 in Short Blades
  1151 | D:8      | Reached skill level 3 in Long Blades
  1151 | D:8      | Reached skill level 3 in Axes
  1151 | D:8      | Reached skill level 3 in Maces & Flails
  1151 | D:8      | Reached skill level 3 in Polearms
  1151 | D:8      | Reached skill level 3 in Staves
  1151 | D:8      | Reached skill level 3 in Slings
  1151 | D:8      | Reached skill level 3 in Bows
  1151 | D:8      | Reached skill level 3 in Crossbows
  1151 | D:8      | Reached skill level 3 in Throwing
  1151 | D:8      | Reached skill level 3 in Armour
  1151 | D:8      | Reached skill level 3 in Stealth
  1151 | D:8      | Reached skill level 3 in Shields
  1151 | D:8      | Reached skill level 3 in Evocations
  1258 | D:9      | Reached skill level 6 in Spellcasting
  1306 | D:9      | Noticed a hippogriff
  1311 | D:9      | Killed a hippogriff
  1330 | D:9      | Reached skill level 3 in Conjurations
  1330 | D:9      | Reached skill level 3 in Hexes
  1330 | D:9      | Reached skill level 3 in Charms
  1330 | D:9      | Reached skill level 3 in Summonings
  1330 | D:9      | Reached skill level 3 in Necromancy
  1330 | D:9      | Reached skill level 3 in Translocations
  1330 | D:9      | Reached skill level 3 in Fire Magic
  1330 | D:9      | Reached skill level 3 in Ice Magic
  1330 | D:9      | Reached skill level 3 in Air Magic
  1330 | D:9      | Reached skill level 3 in Earth Magic
  1330 | D:9      | Reached skill level 3 in Poison Magic
  1330 | D:9      | Reached skill level 4 in Invocations
  1337 | D:9      | Reached skill level 6 in Dodging
  1337 | D:9      | Reached XP level 9. HP: 42/65 MP: 18/18
  1356 | D:9      | Reached skill level 5 in Transmutations
  1421 | D:10     | Entered Level 10 of the Dungeon
  1424 | D:10     | Found a staircase to the Lair.
  1445 | D:10     | Reached skill level 4 in Short Blades
  1445 | D:10     | Reached skill level 4 in Long Blades
  1445 | D:10     | Reached skill level 4 in Axes
  1445 | D:10     | Reached skill level 4 in Maces & Flails
  1445 | D:10     | Reached skill level 4 in Polearms
  1445 | D:10     | Reached skill level 4 in Staves
  1445 | D:10     | Reached skill level 4 in Slings
  1445 | D:10     | Reached skill level 4 in Bows
  1445 | D:10     | Reached skill level 4 in Crossbows
  1445 | D:10     | Reached skill level 4 in Throwing
  1445 | D:10     | Reached skill level 4 in Armour
  1445 | D:10     | Reached skill level 4 in Stealth
  1445 | D:10     | Reached skill level 4 in Shields
  1445 | D:10     | Reached skill level 4 in Evocations
  1465 | D:10     | Reached *** piety under Cheibriados
  1465 | D:10     | Reached skill level 5 in Fighting
  1635 | D:10     | Reached skill level 8 in Unarmed Combat
  1642 | D:10     | Learned a level 5 spell: Blade Hands
  1731 | D:10     | Reached skill level 5 in Invocations
  1817 | D:11     | Reached XP level 10. HP: 19/74 MP: 20/20
  1821 | D:11     | Reached skill level 7 in Spellcasting
  1847 | D:11     | Reached skill level 4 in Conjurations
  1847 | D:11     | Reached skill level 4 in Hexes
  1847 | D:11     | Reached skill level 4 in Charms
  1847 | D:11     | Reached skill level 4 in Summonings
  1847 | D:11     | Reached skill level 4 in Necromancy
  1847 | D:11     | Reached skill level 4 in Translocations
  1847 | D:11     | Reached skill level 4 in Fire Magic
  1847 | D:11     | Reached skill level 4 in Ice Magic
  1847 | D:11     | Reached skill level 4 in Air Magic
  1847 | D:11     | Reached skill level 4 in Earth Magic
  1847 | D:11     | Reached skill level 4 in Poison Magic
  1877 | D:11     | Noticed a two-headed ogre
  1929 | D:11     | Reached skill level 5 in Short Blades
  1929 | D:11     | Reached skill level 5 in Long Blades
  1929 | D:11     | Reached skill level 5 in Axes
  1929 | D:11     | Reached skill level 5 in Maces & Flails
  1929 | D:11     | Reached skill level 5 in Polearms
  1929 | D:11     | Reached skill level 5 in Staves
  1929 | D:11     | Reached skill level 5 in Slings
  1929 | D:11     | Reached skill level 5 in Bows
  1929 | D:11     | Reached skill level 5 in Crossbows
  1929 | D:11     | Reached skill level 5 in Throwing
  1929 | D:11     | Reached skill level 5 in Armour
  1929 | D:11     | Reached skill level 5 in Stealth
  1929 | D:11     | Reached skill level 5 in Shields
  1929 | D:11     | Reached skill level 5 in Evocations
  1936 | D:11     | Killed a two-headed ogre
  1936 | D:11     | Reached **** piety under Cheibriados
  1936 | D:11     | Reached skill level 7 in Dodging
  1952 | D:11     | Learned a level 4 spell: Sticky Flame
  1989 | D:12     | Noticed a cyclops
  1990 | D:12     | Noticed a brown ugly thing
  1991 | D:12     | Noticed a two-headed ogre
  1992 | D:12     | Noticed a skeletal warrior
  1998 | D:12     | Killed a brown ugly thing
  1999 | D:12     | Mangled by a two-headed ogre

Vault maps used:
D:1:      dpeg_arrival_rooms_a
D:2:      minmay_small_reverse_x
D:3:      first_ration
D:4:      nicolae_overflow_hidden_temple, uniq_natasha, uniq_ijyb, uniq_sigmund
D:5:      serial_shops, shop_scrolls, nicolae_sextant
D:6:      xom_butterflies, kennysheep_little_box
D:7:      tgw_sif, minmay_temple_entry_nine_rooms, uniq_pikel
D:8:      elyvilon_altar_3, grunt_temple_overflow_open, lemuel_round_altar,
          uniq_erica
D:10:     minmay_lair_entry_lava
D:11:     orc_0_dummy, grunt_ogre_cave

Skill      XL: |  1  2  3  4  5  6  7  8  9 10 |
---------------+-------------------------------+-----
Spellcasting   | 5 6 7 |  7.3
Invocations    | 1 2 3 4 5 |  5.8
Short Blades   | 1 2 3 4 5 |  5.3
Long Blades    | 1 2 3 4 5 |  5.3
Axes           | 1 2 3 4 5 |  5.3
Maces & Flails | 1 2 3 4 5 |  5.3
Polearms       | 1 2 3 4 5 |  5.3
Staves         | 1 2 3 4 5 |  5.3
Slings         | 1 2 3 4 5 |  5.3
Bows           | 1 2 3 4 5 |  5.3
Crossbows      | 1 2 3 4 5 |  5.3
Throwing       | 1 2 3 4 5 |  5.3
Armour         | 1 2 3 4 5 |  5.3
Stealth        | 1 2 3 4 5 |  5.3
Shields        | 1 2 3 4 5 |  5.3
Evocations     | 1 2 3 4 5 |  5.3
Conjurations   | 1 2 3 4 |  4.3
Hexes          | 1 2 3 4 |  4.3
Charms         | 1 2 3 4 |  4.3
Summonings     | 1 2 3 4 |  4.3
Necromancy     | 1 2 3 4 |  4.3
Translocations | 1 2 3 4 |  4.3
Fire Magic     | 1 2 3 4 |  4.3
Ice Magic      | 1 2 3 4 |  4.3
Air Magic      | 1 2 3 4 |  4.3
Earth Magic    | 1 2 3 4 |  4.3
Poison Magic   | 1 2 3 4 |  4.3
Fighting       | 3 4 5 |  5.9
Transmutations | 4 5 |  5.9
Dodging        | 5 6 7 |  7.1
Unarmed Combat | 7 8 |  8.5

Action                   |  1- 3 |  4- 6 |  7- 9 | 10-12 || total
-------------------------+-------+-------+-------+-------++-------
Melee: Unarmed           |    42 |    39 |   171 |    34 ||   286
       Kick              |     4 |       |       |       ||     4
       Dagger            |       |    11 |     5 |     6 ||    22
       Punch             |       |     2 |       |       ||     2
       Bite              |       |       |     1 |     1 ||     2
Throw: Tomahawk          |       |       |     2 |     1 ||     3
 Cast: Beastly Appendage |     6 |       |       |       ||     6
       Sticks to Snakes  |     3 |     5 |    19 |       ||    27
       Spider Form       |     4 |     6 |    22 |     2 ||    34
       Sticky Flame      |       |       |       |     4 ||     4
 Abil: End Transformatio |       |     1 |     4 |       ||     5
Evoke: Wand              |       |       |     2 |     6 ||     8
  Use: Scroll            |       |     3 |    10 |     2 ||    15
       Potion            |       |     1 |     1 |       ||     2
 Stab: Sleeping          |     2 |     3 |     5 |     1 ||    11
       Distracted        |       |       |     4 |       ||     4
  Eat: Chunk             |       |       |     3 |     1 ||     4
Armor: Robe              |     7 |     1 |       |       ||     8
       Skin              |       |       |     6 |     1 ||     7
Dodge: Dodged            |    18 |    49 |   196 |    48 ||   311
Block: Buckler           |       |       |     4 |     6 ||    10

Table legend:
 A = Spawn XP
 B = Non-spawn XP
 C = Spawn XP percentage of total XP
 D = Spawn monster count
 E = Non-spawn monster count
 F = Spawn count percentage of total count
 G = Total turns spent on level
                    A         B        C        D         E        F      G
               +---------+---------+-------+---------+---------+-------+---------
         Total |       0 |    7159 |   0.0 |       0 |     109 |   0.0 |  1999
               +---------+---------+-------+---------+---------+-------+---------
           D:1 |       0 |      19 |   0.0 |       0 |      11 |   0.0 |   145
           D:2 |       0 |      32 |   0.0 |       0 |       6 |   0.0 |    94
           D:3 |       0 |       8 |   0.0 |       0 |       2 |   0.0 |    96
           D:4 |       0 |      69 |   0.0 |       0 |       2 |   0.0 |   102
           D:5 |       0 |      97 |   0.0 |       0 |       7 |   0.0 |   127
           D:6 |       0 |     248 |   0.0 |       0 |       6 |   0.0 |   152
           D:7 |       0 |     530 |   0.0 |       0 |      19 |   0.0 |   300
           D:8 |       0 |     450 |   0.0 |       0 |       9 |   0.0 |   164
           D:9 |       0 |    1364 |   0.0 |       0 |      17 |   0.0 |   310
          D:10 |       0 |    1312 |   0.0 |       0 |      13 |   0.0 |   288
          D:11 |       0 |    2426 |   0.0 |       0 |      15 |   0.0 |   191
          D:12 |       0 |     604 |   0.0 |       0 |       2 |   0.0 |    30
               +---------+---------+-------+---------+---------+-------+---------

Table legend:
 A = Turns spent in this place as a percentage of turns spent in the entire game.
 B = Non-inter-level travel turns spent in this place as a percentage of non-inter-level travel turns spent in the entire game.
 C = Inter-level travel turns spent in this place as a percentage of turns spent in this place.
 D = Turns resting spent in this place as a percentage of non-inter-level travel turns spent in this place.
 E = Turns spent auto-exploring this place as a percentage of non-inter-level travel turns spent in this place.
 F = Non-inter-level travel turns spent in this place divided by the number of levels of this place that you've seen.
                   A       B       C       D       E      F
               +-------+-------+-------+-------+-------+----------------------
         Total | 100.0 | 100.0 |   0.0 |   0.0 |   0.0 | 166.6
       Dungeon | 100.0 | 100.0 |   0.0 |   0.0 |   0.0 | 166.6
               +-------+-------+-------+-------+-------+----------------------

Table legend:
 A = Kills in this place as a percentage of kills in entire the game.
 B = Kills by you in this place as a percentage of kills by you in the entire game.
 C = Kills by friends in this place as a percentage of kills by friends in the entire game.
 D = Other kills in this place as a percentage of other kills in the entire game.
 E = Experience gained in this place as a percentage of experience gained in the entire game.
 F = Experience gained in this place divided by the number of levels of this place that you have seen.
                   A       B       C       D       E      F
               +-------+-------+-------+-------+-------+----------------------
         Total | 100.0 | 100.0 | 100.0 |   N/A | 100.0 | 596.6
       Dungeon | 100.0 | 100.0 | 100.0 |   N/A | 100.0 | 596.6
               +-------+-------+-------+-------+-------+----------------------

Vault maps used:
D:1:      dpeg_arrival_rooms_a
D:2:      minmay_small_reverse_x
D:3:      first_ration
D:4:      nicolae_overflow_hidden_temple, uniq_natasha, uniq_ijyb, uniq_sigmund
D:5:      serial_shops, shop_scrolls, nicolae_sextant
D:6:      xom_butterflies, kennysheep_little_box
D:7:      tgw_sif, minmay_temple_entry_nine_rooms, uniq_pikel
D:8:      elyvilon_altar_3, grunt_temple_overflow_open, lemuel_round_altar,
          uniq_erica
D:10:     minmay_lair_entry_lava
D:11:     orc_0_dummy, grunt_ogre_cave
